 Dungeon Crawl Stone Soup version 0.24.0-123-gd5b16e6ec5 (webtiles) character file.

Game seed: 3024579967855043633, levelgen mode: deterministic

266 Enkuryo the Slinger (level 6, -4/39 HPs)
             Began as a Halfling Hunter on Jan 17, 2020.
             Slain by DungeonDestroyer's ghost (13 damage)
             ... on level 3 of the Dungeon on Jan 18, 2020.
             The game lasted 00:24:08 (3147 turns).

Enkuryo the Slinger (Halfling Hunter)               Turns: 3147, Time: 00:24:09

Health: -4/39      AC:  7    Str: 11 (14) XL:     6   Next: 44%
Magic:  6/6        EV: 14    Int:  6 (9)  God:
Gold:   83         SH:  0    Dex: 14 (16) Spells: 5/5 levels left

rFire    . . .     SeeInvis .   a - +1 hunting sling
rCold    . . .     Gourm    .   (shield restricted)
rNeg     . . .     Faith    .   l - +0 ring mail (curse)
rPois    .         Spirit   .   h - +1 helmet
rElec    .         Reflect  .   (no cloak)
rCorr    .         Harm     .   (no gloves)
MR       .....                  (no boots)
Stlth    ++........             (no amulet)
HPRegen  0.13/turn              (no ring)
MPRegen  0.10/turn              (no ring)

@: no status effects
A: small, mutation resistance 1
a: no special abilities


You were on level 3 of the Dungeon.
You were full.

You visited 1 branch of the dungeon, and saw 3 of its levels.

You collected 83 gold pieces.

Inventory:

Hand Weapons
 a - a +1 hunting sling (weapon)
 b - a +0 short sword
Missiles
 e - 38 stones (quivered)
 o - 13 bolts
Armour
 c - a +1 leather armour
 h - a +1 helmet (worn)
 l - a cursed +0 ring mail (worn)
Potions
 g - a potion of agility
 j - a potion of might
 m - a potion of cancellation
Comestibles
 f - 6 rations


   Skills:
 - Level 1.7 Fighting
 * Level 8.1(8.4) Slings
 - Level 1.9(4.0) Throwing
 + Level 3.7 Dodging
 + Level 3.3 Stealth


You had 5 spell levels left.
You didn't know any spells.
Your spell library was empty.

Dungeon Overview and Level Annotations

Branches:
Dungeon (3/15)

Altars:
Vehumet

Annotations:
D:3 DungeonDestroyer's ghost, amateur GnFi


Innate Abilities, Weirdness & Mutations

You are small and have problems with some larger weapons.
You are somewhat resistant to further mutation.


Message History

Aim: DungeonDestroyer's ghost (moderately damaged)
You shoot a stone.
The stone hits DungeonDestroyer's ghost.
DungeonDestroyer's ghost is heavily damaged.
DungeonDestroyer's ghost hits you.
* * * LOW HITPOINT WARNING * * *
Firing (i - inventory)
e - 40 stones (quivered)
Press: ? - help, Shift-Dir - straight line, f/p - DungeonDestroyer's ghost
Aim: DungeonDestroyer's ghost (heavily damaged)
You shoot a stone.
The stone hits DungeonDestroyer's ghost.
DungeonDestroyer's ghost is heavily damaged.
DungeonDestroyer's ghost misses you.
Firing (i - inventory)
e - 39 stones (quivered)
Press: ? - help, Shift-Dir - straight line, f/p - DungeonDestroyer's ghost
Aim: DungeonDestroyer's ghost (heavily damaged)
You shoot a stone.
The stone closely misses DungeonDestroyer's ghost.
DungeonDestroyer's ghost hits you!
You die...

#.#.......>...#.##...##
#[#.##.######(#.##...≈# #.#..W.#
#.#.##...≈##
#.###########.#.###§§§≈##
#...............###...≈≈## #
#############.###.##...≈§#####
#...........#.###..##...≈≈≈#≈≈
#.####..#.#.#W......##........
#.#..........@.......##.......
#.#.###.#.#.#.........###.....
#.#.#.....#.#..........###'''#
#.#.........#.................
#.##########...............##.
#.............#...#.........#.
############.###.###........#.
###.....##...#..#...#...#####.#.
#.'.....'....'...._.....# #.#.


You could see DungeonDestroyer's ghost.

Vanquished Creatures
  An ice beast (D:3)
  Robin (D:2)
  6 adders
  2 oozes
  A dart slug (D:2)
  5 leopard geckos
  4 orcs (D:3)
  4 giant cockroaches
  18 goblins
  12 hobgoblins
  2 quokkas (D:3)
  A ball python (D:3)
  7 bats
  2 frilled lizards
  9 kobolds
  11 rats
86 creatures vanquished.

Notes
Turn   | Place    | Note
-------+----------+-------------------------------------------
     0 | D:1      | Enkuryo the Halfling Hunter began the quest for the Orb.
     0 | D:1      | Reached XP level 1. HP: 14/14 MP: 1/1
   120 | D:1      | Reached skill level 6 in Slings
   188 | D:1      | Reached XP level 2. HP: 19/19 MP: 2/2
   227 | D:1      | Reached XP level 3. HP: 9/24 MP: 3/3
   984 | D:2      | Reached XP level 4. HP: 29/29 MP: 4/4
  1410 | D:2      | Reached skill level 7 in Slings
  1501 | D:2      | Reached skill level 1 in Throwing
  1504 | D:2      | Noticed Robin
  1516 | D:2      | Killed Robin
  1516 | D:2      | Reached XP level 5. HP: 29/34 MP: 5/5
  2288 | D:3      | Noticed an ice beast
  2300 | D:3      | Killed an ice beast
  2300 | D:3      | Reached XP level 6. HP: 29/39 MP: 6/6
  2395 | D:3      | Reached skill level 8 in Slings
  2402 | D:3      | Found a radiant altar of Vehumet.
  3003 | D:3      | Found a runed translucent door.
  3006 | D:3      | Noticed DungeonDestroyer's ghost (amateur GnFi)
  3034 | D:3      | HP: 1/39 [DungeonDestroyer's ghost (10)]
  3147 | D:3      | Slain by DungeonDestroyer's ghost

Levels and vault maps discovered:
D:1:      psy_arrival_whirlpool, layout_rooms, minmay_parallelograms,
          minmay_pentomino_w2
D:2:      layout_basic, first_ration, st_stairs_9, uniq_robin
D:3:      layout_basic, vehumet_crystals, ebering_ghost_reflecting_pool,
          kennysheep_donut

Skill      XL: |  1  2  3  4  5  6 |
---------------+-------------------+-----
Slings         | 6 7 8 |  8.1
Stealth        | 2 3 |  3.3
Dodging        | 3 |  3.7
Throwing       | 1 |  1.9
Fighting       | |  1.7

Action                   |  1- 3 |  4- 6 || total
-------------------------+-------+-------++-------
Melee: Hunting sling     |     1 |    13 ||    14
 Fire: Hunting sling     |    98 |   173 ||   271
  Use: Scroll            |     3 |     4 ||     7
       Potion            |       |     4 ||     4
  Eat: Chunk             |       |     2 ||     2
       Ration            |       |     3 ||     3
Armor: Leather armour    |    10 |    15 ||    25
       Ring mail         |       |    13 ||    13
Dodge: Dodged            |    27 |    72 ||    99
